 Dungeon Crawl Stone Soup version 0.30-a0-737-gf23d94013f (webtiles) character file.

Game seed: 16168308166552221467

233 Atelerd the Digger (level 6, -1/36 HPs)
             Began as an Octopode Earth Elementalist on Jan 4, 2023.
             Slain by an iron imp (3 damage)
             ... on level 3 of the Dungeon on Feb 2, 2023.
             The game lasted 00:03:22 (2664 turns).

Atelerd the Digger (Octopode Earth Elementalist)    Turns: 2664, Time: 00:03:23

Health: -1/36      AC:  1    Str:  8    XL:     6   Next: 4%
Magic:  5/10       EV: 13    Int: 19    God:
Gold:   130        SH:  5    Dex: 12    Spells: 10/11 levels left

rFire   . . .      SeeInvis .    k - +0 dagger
rCold   . . .      Faith    .    (no shield)
rNeg    . . .      Spirit   .    (helmet restricted)
rPois   .          Reflect  +    o - amulet of reflection
rElec   .          Harm     .    (no ring)
rCorr   .          Rampage  .    (no ring)
Will    .....                    (no ring)
Stlth   +++                      (no ring)
HPRegen 0.26/turn                (no ring)
MPRegen 0.12/turn                (no ring)
                                 (no ring)
                                 (no ring)

@: no status effects
A: almost no armour, amphibious, 8 rings, camouflage 1, gelatinous body 1,
(nimble swimmer 1), tentacles
a: no special abilities


You were on level 3 of the Dungeon.
You visited 1 branch of the dungeon, and saw 3 of its levels.

You collected 130 gold pieces.

Inventory:

Hand Weapons
 i - a +0 dagger
 k - a +0 dagger (weapon)
Jewellery
 l - a ring of fire
 o - an amulet of reflection (around mantle)
Scrolls
 c - 2 scrolls of enchant weapon {unknown}
 e - 2 scrolls of teleportation {unknown}
 f - a scroll of magic mapping {unknown}
 g - 3 scrolls of identify {unknown}
 j - a scroll of enchant armour {unknown}
Potions
 b - 2 potions of heal wounds {unknown}
 d - 2 potions of brilliance {unknown}
 h - a potion of mutation {unknown}
 m - a potion of invisibility {unknown}
 n - 2 potions of haste {unknown}


   Skills:
 - Level 2.0 Dodging
 - Level 2.8 Stealth
 - Level 0.7 Unarmed Combat
 + Level 3.1 Spellcasting
 * Level 3.2 Transmutations
 * Level 4.8 Earth Magic


You had 10 spell levels left.
You knew the following spells:

 Your Spells              Type           Power      Damage    Failure   Level
a - Sandblast             Erth           42%        2d11      2%          1

Your spell library contained the following spells:

 Spells                   Type           Power      Damage    Failure   Level
 Passwall                 Tmut/Erth      15%        N/A       4%          2
 Stone Arrow              Conj/Erth      24%        3d8       17%         3
 Petrify                  Tmut/Erth      18%        N/A       28%         4
 Ozocubu's Armour         Ice            2%         N/A       41%         3
 Metabolic Englaciation   Hex/Ice        1%         N/A       99%         5
 Simulacrum               Ice/Necr       1%         N/A       100%        6


Dungeon Overview and Level Annotations

Branches:
Dungeon (3/15)

Altars:
Makhleb


Innate Abilities, Weirdness & Mutations

You cannot wear most types of armour.
You are amphibious.
You can wear up to eight rings at the same time.
Your skin changes colour to match your surroundings (Stealth+).
Your rubbery body absorbs attacks. (AC +1, EV +1)
((You are camouflaged when in or above water. (Stealth+)))
You have tentacles for arms and can constrict up to eight enemies at once.


Message History

Unknown command.
Casting: Sandblast (safe; 2% risk of failure)
Confirm with . or Enter, or press ? or * to list all spells.
Aiming: Sandblast (safe; 2% risk of failure)
Press: ? - help, Shift-Dir - straight line, f/p - iron imp
Aim: an iron imp (severely wounded, 87% to hit)
The blast of sand hits the iron imp.
The iron imp is severely wounded.
The iron imp hits you.
* * * LOW HITPOINT WARNING * * *
Unknown command.
Casting: Sandblast (safe; 2% risk of failure)
Confirm with . or Enter, or press ? or * to list all spells.
Aiming: Sandblast (safe; 2% risk of failure)
Press: ? - help, Shift-Dir - straight line, f/p - iron imp
Aim: an iron imp (severely wounded, 87% to hit)
The blast of sand hits the iron imp but does no damage.
The iron imp is severely wounded.
The iron imp hits you but does no damage.
Unknown command.
Unknown command.
Casting: Sandblast (safe; 2% risk of failure)
Confirm with . or Enter, or press ? or * to list all spells.
Aiming: Sandblast (safe; 2% risk of failure)
Press: ? - help, Shift-Dir - straight line, f/p - iron imp
Aim: an iron imp (severely wounded, 87% to hit)
The blast of sand hits the iron imp but does no damage.
The iron imp is severely wounded.
The iron imp barely misses you.
Unknown command.
Unknown command.
Casting: Sandblast (safe; 2% risk of failure)
Confirm with . or Enter, or press ? or * to list all spells.
Aiming: Sandblast (safe; 2% risk of failure)
Press: ? - help, Shift-Dir - straight line, f/p - iron imp
Aim: an iron imp (severely wounded, 87% to hit)
The blast of sand hits the iron imp.
The iron imp is severely wounded.
The iron imp hits you.
You die...

#.### #.≈≈.?.....≈≈
#####.### #..≈≈.....≈≈.
#.......# #...≈≈≈.§§≈..
#.......# #....≈§8§≈...
#.......# #......≈.....
#.......######............
#............#............
#..>....###..#............
#.......# ##@#............
#.....>.# #.5.†########..
#.......# ###### #
#########


You could see an iron imp.

Vanquished Creatures
  A phantom (D:3)
  2 iron imps (D:3)
  2 adders (D:3)
  3 worms (D:2)
  A dart slug (D:1)
  3 orcs (D:3)
  4 ball pythons
  8 endoplasms
  2 giant cockroaches (D:3)
  7 goblins
  3 hobgoblins
  9 jackals (D:1)
  2 quokkas
  5 bats
  6 frilled lizards
  4 kobolds (D:1)
  5 rats
67 creatures vanquished.

Notes
Turn   | Place    | Note
-------+----------+-------------------------------------------
     0 | D:1      | Atelerd the Octopode Earth Elementalist began the quest for
                  | the Orb.
     0 | D:1      | Reached XP level 1. HP: 11/11 MP: 3/3
   282 | D:1      | Reached XP level 2. HP: 17/17 MP: 1/5
   670 | D:1      | Reached XP level 3. HP: 17/21 MP: 1/6
   777 | D:1      | HP: 1/21 [jackal (3)]
  1584 | D:2      | Upgraded the game from 0.30-a0-587-gfd7c166f36 to
                  | 0.30-a0-737-gf23d94013f
  1659 | D:2      | Reached XP level 4. HP: 27/27 MP: 4/7
  2145 | D:3      | Reached skill level 4 in Earth Magic
  2496 | D:3      | Noticed a phantom
  2502 | D:3      | Killed a phantom
  2503 | D:3      | Reached XP level 5. HP: 29/31 MP: 3/9
  2627 | D:3      | Found a burning altar of Makhleb.
  2654 | D:3      | Reached XP level 6. HP: 23/36 MP: 1/10
  2661 | D:3      | HP: 1/36 [iron imp (1)]
  2664 | D:3      | Slain by an iron imp

Illustrated notes

Levels and vault maps discovered:
D:1:      evilmike_arrival_rings, layout_loops_corners
D:2:      layout_basic, minmay_misc_feat_alley
D:3:      layout_rooms, demons_altar, serial_shops, shop, grunt_decor_fettered

Skill      XL: |  1  2  3  4  5 |
---------------+----------------+-----
Transmutations | 2 3 |  3.2
Earth Magic    | 4 |  4.8
Spellcasting   | 3 |  3.1
Dodging        | |  2.0
Stealth        | |  2.8
Unarmed Combat | |  0.7

Action                     |  1- 3 |  4- 6 || total
---------------------------+-------+-------++-------
  Melee: Unarmed           |    35 |       ||    35
         Constrict         |    14 |     1 ||    15
         Tentacles         |     9 |       ||     9
         Punch             |     1 |       ||     1
         Dagger            |       |     5 ||     5
   Cast: Sandblast         |    50 |    51 ||   101
    Use: Potion            |       |     1 ||     1
   Stab: Sleeping          |     1 |       ||     1
 Armour: Skin              |     2 |     3 ||     5
  Dodge: Dodged            |    49 |    22 ||    71
  Block: Other             |       |     1 ||     1

Table legend: (Time is in decaauts)
 A = Elapsed time spent in this place.
 B = Non-inter-level travel time spent in this place.
 C = Inter-level travel time spent in this place.
 D = Time resting spent in this place.
 E = Time spent auto-exploring this place.
 F = Levels seen in this place.
 G = Mean time per level.
                   A        B        C        D        E       F      G
               +--------+--------+--------+--------+--------+-----+--------+
         Total |   2714 |   2660 |     54 |    391 |   1815 |   3 |  904.7 |
       Dungeon |   2714 |   2660 |     54 |    391 |   1815 |   3 |  904.7 |
               +--------+--------+--------+--------+--------+-----+--------+

Top non-repeatable levels by time:
     D:1: 1471 daAuts
     D:2: 957 daAuts
     D:3: 285 daAuts
